WCHLSIM.com - West Coast Hockey League
Dernière mise à jour: 2025-12-07 16:11:59
html PUBLIC "-//W3C//DTD XHTML 1.0 Transitional//EN" "http://www.w3.org/TR/xhtml1/DTD/xhtml1-transitional.dtd"> WCHL - Game 442 - CALGARY FIREMEN vs KELOWNA ROCKETS

CALGARY FIREMEN vs KELOWNA ROCKETS

Created - 15 décembre 2024 at 09:26

Goals
1 2 3 T
CALGARY FIREMEN 2 2 0 4
KELOWNA ROCKETS 0 1 0 1
Shots
1 2 3 T
CALGARY FIREMEN 12 12 8 32
KELOWNA ROCKETS 7 9 6 22

1st period

1. CALGARY FIREMEN , Calle Jarnkrok 5 (Fabian Zetterlund 10, Jared Spurgeon 10) at 10:14
2. CALGARY FIREMEN , Yakov Trenin 1 (Cody Glass 3, Rasmus Sandin 9) at 17:26

Penalties :
Calle Jarnkrok (CGY) for Hooking (Minor) at 18:41

2nd period

3. CALGARY FIREMEN , Andrew Copp 9 (Filip Forsberg 16, Fabian Zetterlund 11) at 5:02 (PP)
4. CALGARY FIREMEN , Filip Forsberg 15 (Rasmus Sandin 10, Mason Marchment 13) at 11:30
5. KELOWNA ROCKETS , Auston Matthews 17 (Vladimir Tarasenko 13, Pavel Buchnevich 19) at 15:43

Penalties :
Pheonix Copley (KEL) for Slashing (Minor) at 4:50 - Tyler Bertuzzi served the penalty., Vladislav Gavrikov (KEL) for Roughing (Minor) at 7:04, Martin Fehervary (CGY) for Hooking (Minor) at 11:47, Jamie Drysdale (KEL) for Delaying the game (Minor) at 17:44

3rd period

No Goal

Penalties :
Martin Fehervary (CGY) for Hooking (Minor) at 1:04, Jonathon Merrill (KEL) for Interference (Minor) at 14:46

Goalie Stats

Marc-Andre Fleury (CGY), 21 saves from 22 shots - (0,955), W, 10-12-3, 60:00 minutes
Pheonix Copley (KEL), 28 saves from 32 shots - (0,875), L, 2-5-0, 60:00 minutes

Players Stats for CALGARY FIREMEN

Player Name              G  A  P  +/- PIM S  H  SB GA TA FO     MP     PP MP  PK MP  
------------------------------------------------------------------------------------
Andrew Copp              1  0  1   1  0   3  0  0  0  0  6/14   18:52   2:27   0:17 
Brett Howden             0  0  0   0  0   1  0  0  0  0  4/10   12:54   0:00   0:00 
Calle Jarnkrok           1  0  1   0  2   3  1  0  0  0  0/0    18:25   3:42   2:01 
Cody Glass               0  1  1   1  0   3  0  0  0  0  3/7     7:16   0:00   1:07 
Darren Raddysh           0  0  0   0  0   0  1  2  0  0  0/0    18:53   0:00   3:44 
Fabian Zetterlund        0  2  2   0  0   6  2  0  0  0  0/1    15:39   2:39   0:17 
Filip Forsberg           1  1  2   1  0   4  2  0  0  0  0/0    18:35   2:27   0:00 
Gustav Lindstrom         0  0  0   1  0   2  1  1  0  0  0/0    16:31   0:38   1:28 
Isac Lundestrom          0  0  0   0  0   3  0  0  0  0  0/2    15:26   0:00   2:32 
Jack Drury               0  0  0   0  0   0  1  0  0  0  10/25  19:33   3:42   3:08 
Jared Spurgeon           0  1  1   1  0   1  0  2  0  0  0/0    21:48   3:11   0:11 
Logan Stankoven          0  0  0   1  0   0  0  0  0  0  0/1     6:09   0:00   0:00 
Martin Fehervary         0  0  0   1  4   2  2  1  0  0  0/0    18:59   2:58   0:45 
Mason Marchment          0  1  1   1  0   1  0  1  0  0  0/1    19:00   2:52   0:00 
Michael McCarron         0  0  0   0  0   1  3  0  0  0  4/6    16:04   0:38   2:32 
Rasmus Sandin            0  2  2   1  0   0  0  2  0  0  0/0    23:54   2:58   3:29 
Ryan Graves              0  0  0   0  0   1  1  1  0  0  0/0    19:53   2:33   2:17 
Yakov Trenin             1  0  1   1  0   1  2  0  0  0  0/1     6:09   0:00   0:00 

Players Stats for KELOWNA ROCKETS

Player Name              G  A  P  +/- PIM S  H  SB GA TA FO     MP     PP MP  PK MP  
------------------------------------------------------------------------------------
Auston Matthews          1  0  1   1  0   6  3  1  0  0  17/23  20:42   3:31   1:40 
Dakota Mermis            0  0  0   0  0   0  2  1  0  0  0/0    18:08   0:28   2:59 
Erik Brannstrom          0  0  0   0  0   0  0  1  0  0  0/0    21:05   2:29   3:31 
Jamie Drysdale           0  0  0  -1  2   1  1  1  0  0  0/0    21:33   3:28   1:09 
Jonathon Merrill         0  0  0  -1  2   0  2  0  0  0  0/0    15:52   0:00   0:29 
Mark Jankowski           0  0  0  -1  0   0  0  0  0  0  3/6    11:11   0:00   0:00 
Mike Reilly              0  0  0  -1  0   1  0  2  0  0  0/0    21:14   3:00   1:58 
Mitchell Chaffee         0  0  0  -1  0   1  0  0  0  0  0/0     7:28   0:00   0:00 
Noah Gregor              0  0  0  -1  0   0  1  0  0  0  4/6     7:28   0:00   0:00 
Oskar Sundqvist          0  0  0  -1  0   1  0  1  0  0  12/19  17:34   0:00   3:48 
Parker Kelly             0  0  0  -1  0   3  1  1  0  0  0/2    13:12   0:00   2:01 
Pavel Buchnevich         0  1  1   1  0   1  1  0  0  0  0/3    21:55   2:26   4:00 
Pavel Dorofeyev          0  0  0  -1  0   0  0  0  0  0  0/0    13:09   1:58   0:00 
Tyler Bertuzzi           0  0  0  -1  0   6  1  0  0  0  2/3    17:00   3:14   0:00 
Tyler Toffoli            0  0  0  -1  0   1  0  0  0  0  0/2    16:44   2:26   0:00 
Victor Olofsson          0  0  0  -1  0   0  0  0  0  0  0/1     8:13   0:45   0:00 
Vladimir Tarasenko       0  1  1   1  0   1  0  1  0  0  3/3    19:49   3:31   0:49 
Vladislav Gavrikov       0  0  0  -1  2   0  4  2  0  0  0/0    21:31   2:29   2:12 

3 Stars

1 - Filip Forsberg (CGY)
2 - Yakov Trenin (CGY)
3 - Rasmus Sandin (CGY)

Power Play

CALGARY FIREMEN - 1 on 4 Attempt(s) - 25,00%
KELOWNA ROCKETS - 0 on 3 Attempt(s) - 0,00%

Penalty Kill

CALGARY FIREMEN - 3 on 3 Attempt(s) - 100,00% - Score 0 goal in Penalty Kill
KELOWNA ROCKETS - 3 on 4 Attempt(s) - 75,00% - Score 0 goal in Penalty Kill

Team Stat

CALGARY FIREMEN - Hits : 16 - Faceoff Wins : 27 - Blocked Shots : 10 - Penalty Minutes : 6
KELOWNA ROCKETS - Hits : 16 - Faceoff Wins : 41 - Blocked Shots : 11 - Penalty Minutes : 8

Official

Referees : Kevin Pollock and Robert Hennessey
Linesman : Travis Toomey and Pierre Racicot

Game Notes

No Game Note

Finance

Level 1 -- Attendance: 6600 (100,00%) -- Ticket Income 818 400 $
Level 2 -- Attendance: 5600 (100,00%) -- Ticket Income 526 400 $
Level 3 -- Attendance: 2902 (90,69%) -- Ticket Income 185 728 $
Level 4 -- Attendance: 5600 (100,00%) -- Ticket Income 302 400 $
Luxury Box -- Attendance: 1000 (100,00%) -- Ticket Income 259 000 $
Game was played at the Cherepanov Coliseum.
Total Attendance: 21702 (98,65%)
Total Ticket Income: 2 091 928 $
Other Expense: 20 919 $
Total Income: 2 071 009 $

CALGARY FIREMEN

5 vs 5 Forward 
   Center                   Left Wing                Right Wing               Time % Phy DF OF 
 1 Andrew Copp              Mason Marchment          Filip Forsberg           35     0   1  4  
 2 Jack Drury               Fabian Zetterlund        Calle Jarnkrok           32     0   2  3  
 3 Brett Howden             Isac Lundestrom          Michael McCarron         24     1   3  1  
 4 Cody Glass               Yakov Trenin             Logan Stankoven          9      1   3  1  

5 vs 5 Defense 
   Defense                  Defense                                           Time % Phy DF OF 
 1 Gustav Lindstrom         Rasmus Sandin                                     35     0   2  3  
 2 Martin Fehervary         Jared Spurgeon                                    32     0   2  3  
 3 Ryan Graves              Darren Raddysh                                    24     0   2  3  
 4 Jared Spurgeon           Rasmus Sandin                                     9      0   2  3  

PowerPlay Forward 
   Center                   Left Wing                Right Wing               Time % Phy DF OF 
 1 Andrew Copp              Fabian Zetterlund        Filip Forsberg           55     1   0  4  
 2 Jack Drury               Mason Marchment          Calle Jarnkrok           45     1   0  4  

PowerPlay Defense
   Defense                  Defense                                           Time % Phy DF OF 
 1 Ryan Graves              Jared Spurgeon                                    55     1   0  4  
 2 Rasmus Sandin            Martin Fehervary                                  45     1   0  4  

Penalty Kill 4 Players Forward 
   Center                   Wing                     Time % Phy DF OF 
 1 Jack Drury               Calle Jarnkrok           55     1   4  0  
 2 Michael McCarron         Isac Lundestrom          45     1   4  0  

Penalty Kill 4 Players Defense
   Defense                  Defense                  Time % Phy DF OF 
 1 Ryan Graves              Darren Raddysh           55     1   4  0  
 2 Rasmus Sandin            Martin Fehervary         45     1   4  0  

Penalty Kill - 3 Players Forward 
   Forward                                           Time % Phy DF OF 
 1 Andrew Copp                                       55     1   4  0  
 2 Jack Drury                                        45     1   4  0  

Penalty Kill - 3 Players Defense
   Defense                  Defense                  Time % Phy DF OF 
 1 Darren Raddysh           Ryan Graves              55     1   4  0  
 2 Rasmus Sandin            Martin Fehervary         45     1   4  0  

4 vs 4 Forward 
   Center                   Wing                     Time % Phy DF OF 
 1 Jack Drury               Filip Forsberg           55     1   1  3  
 2 Andrew Copp              Mason Marchment          45     1   1  3  

4 vs 4 Defense
   Defense                  Defense                  Time % Phy DF OF 
 1 Darren Raddysh           Jared Spurgeon           55     1   2  2  
 2 Rasmus Sandin            Martin Fehervary         45     1   2  2  

Last Minutes Offensive
   Center                   Left Wing                Right Wing               Defense                  Defense                  
   Andrew Copp              Mason Marchment          Filip Forsberg           Gustav Lindstrom         Jared Spurgeon           

Last Minutes Defensive
   Center                   Left Wing                Right Wing               Defense                  Defense                  
   Andrew Copp              Fabian Zetterlund        Calle Jarnkrok           Ryan Graves              Martin Fehervary         

Goaltenders
Starting : Marc-Andre Fleury        
Backup : Samuel Ersson            

Extra Forwards
Normal : Jack Drury, Andrew Copp, Isac Lundestrom - PP : Jack Drury, Michael McCarron - PK : Cody Glass
Extra Defensemen
Normal : Ryan Graves, Darren Raddysh, Rasmus Sandin - PP : Ryan Graves - PK : Darren Raddysh, Rasmus Sandin
Penalty Shots
Filip Forsberg, Andrew Copp, Fabian Zetterlund, Mason Marchment, Calle Jarnkrok
Custom OT Lines Forwards
Filip Forsberg, Andrew Copp, Fabian Zetterlund, Mason Marchment, Logan Stankoven, Jack Drury, Calle Jarnkrok, Brett Howden, Yakov Trenin, Michael McCarron
Custom OT Lines Defensemen
Darren Raddysh, Jared Spurgeon, Rasmus Sandin, Martin Fehervary, Ryan Graves

Scratches
Ryan Johansen (Left Hand Injury), Jacob Bryson (Healthy), Evgeny Kuznetsov (Broken Ribs Injury), Jake McCabe (Sore Left Knee Injury)

KELOWNA ROCKETS

5 vs 5 Forward 
   Center                   Left Wing                Right Wing               Time % Phy DF OF 
 1 Auston Matthews          Pavel Buchnevich         Vladimir Tarasenko       36     0   1  4  
 2 Oskar Sundqvist          Tyler Bertuzzi           Tyler Toffoli            36     0   2  3  
 3 Mark Jankowski           Parker Kelly             Pavel Dorofeyev          28     0   2  3  
 4 Noah Gregor              Victor Olofsson          Mitchell Chaffee         0      0   3  2  

5 vs 5 Defense 
   Defense                  Defense                                           Time % Phy DF OF 
 1 Vladislav Gavrikov       Jamie Drysdale                                    37     0   4  1  
 2 Erik Brannstrom          Dakota Mermis                                     35     0   4  1  
 3 Jonathon Merrill         Mike Reilly                                       28     0   4  1  
 4 Erik Brannstrom          Mike Reilly                                       0      0   4  1  

PowerPlay Forward 
   Center                   Left Wing                Right Wing               Time % Phy DF OF 
 1 Auston Matthews          Tyler Bertuzzi           Vladimir Tarasenko       60     0   1  4  
 2 Tyler Toffoli            Pavel Dorofeyev          Pavel Buchnevich         40     0   1  4  

PowerPlay Defense
   Defense                  Defense                                           Time % Phy DF OF 
 1 Jamie Drysdale           Mike Reilly                                       70     0   1  4  
 2 Erik Brannstrom          Vladislav Gavrikov                                30     0   1  4  

Penalty Kill 4 Players Forward 
   Center                   Wing                     Time % Phy DF OF 
 1 Oskar Sundqvist          Pavel Buchnevich         60     0   5  0  
 2 Auston Matthews          Parker Kelly             40     0   5  0  

Penalty Kill 4 Players Defense
   Defense                  Defense                  Time % Phy DF OF 
 1 Vladislav Gavrikov       Erik Brannstrom          50     0   5  0  
 2 Dakota Mermis            Mike Reilly              50     0   5  0  

Penalty Kill - 3 Players Forward 
   Forward                                           Time % Phy DF OF 
 1 Auston Matthews                                   50     0   5  0  
 2 Oskar Sundqvist                                   50     0   5  0  

Penalty Kill - 3 Players Defense
   Defense                  Defense                  Time % Phy DF OF 
 1 Vladislav Gavrikov       Erik Brannstrom          50     0   5  0  
 2 Dakota Mermis            Mike Reilly              50     0   5  0  

4 vs 4 Forward 
   Center                   Wing                     Time % Phy DF OF 
 1 Auston Matthews          Pavel Buchnevich         50     0   1  4  
 2 Oskar Sundqvist          Vladimir Tarasenko       50     0   1  4  

4 vs 4 Defense
   Defense                  Defense                  Time % Phy DF OF 
 1 Vladislav Gavrikov       Erik Brannstrom          50     0   3  2  
 2 Dakota Mermis            Mike Reilly              50     0   3  2  

Last Minutes Offensive
   Center                   Left Wing                Right Wing               Defense                  Defense                  
   Auston Matthews          Pavel Buchnevich         Vladimir Tarasenko       Vladislav Gavrikov       Mike Reilly              

Last Minutes Defensive
   Center                   Left Wing                Right Wing               Defense                  Defense                  
   Auston Matthews          Parker Kelly             Pavel Buchnevich         Vladislav Gavrikov       Erik Brannstrom          

Goaltenders
Starting : Pheonix Copley           
Backup : Carter Hart              

Extra Forwards
Normal : Pavel Dorofeyev, Vladimir Tarasenko, Tyler Toffoli - PP : Victor Olofsson, Parker Kelly - PK : Vladimir Tarasenko
Extra Defensemen
Normal : Jamie Drysdale, Mike Reilly, Dakota Mermis - PP : Dakota Mermis - PK : Jamie Drysdale, Jonathon Merrill
Penalty Shots
Auston Matthews, Vladimir Tarasenko, Pavel Buchnevich, Tyler Toffoli, Pavel Dorofeyev
Custom OT Lines Forwards
Auston Matthews, Pavel Buchnevich, Oskar Sundqvist, Vladimir Tarasenko, Tyler Toffoli, Pavel Dorofeyev, Tyler Bertuzzi, Parker Kelly, Mark Jankowski, Noah Gregor
Custom OT Lines Defensemen
Vladislav Gavrikov, Erik Brannstrom, Jonathon Merrill, Mike Reilly, Dakota Mermis

Scratches
None


% Time on Ice - CALGARY FIREMEN

Lines # - Real PCT - Wanted PCT - Time Play
Normal Forward
1 - 34% - 35% - 16:08
2 - 27% - 32% - 12:43
3 - 27% - 24% - 12:54
4 - 13% - 9% - 6:09
Normal Defense
1 - 30% - 35% - 14:25
2 - 32% - 32% - 15:18
3 - 31% - 24% - 15:03
4 - 7% - 9% - 3:08
PP Forward
1 - 40% - 55% - 2:27
2 - 60% - 45% - 3:42
PP Defense
1 - 52% - 55% - 3:11
2 - 48% - 45% - 2:58
PK Forward
1 - 57% - 55% - 3:25
2 - 43% - 45% - 2:32
PK Defense
1 - 38% - 55% - 2:17
2 - 62% - 45% - 3:40
PK3 Forward
1 - 0% - 55%
2 - 0% - 45%
PK3 Defense
1 - 0% - 55%
2 - 0% - 45%
44 Forward
1 - 0% - 55%
2 - 0% - 45%
44 Defense
1 - 0% - 55%
2 - 0% - 45%
Last Minute Offensive  - 0:00
Last Minute Defensive  - 0:00
Total
Forward - 60:00
Defense - 60:00

% Time on Ice - KELOWNA ROCKETS

Lines # - Real PCT - Wanted PCT - Time Play
Normal Forward
1 - 32% - 36% - 15:29
2 - 29% - 36% - 13:46
3 - 23% - 28% - 11:11
4 - 16% - 0% - 7:28
Normal Defense
1 - 35% - 37% - 16:51
2 - 29% - 35% - 14:05
3 - 33% - 28% - 15:58
4 - 2% - 0% - 1:00
PP Forward
1 - 59% - 60% - 3:31
2 - 41% - 40% - 2:26
PP Defense
1 - 58% - 70% - 3:28
2 - 42% - 30% - 2:29
PK Forward
1 - 79% - 60% - 4:51
2 - 21% - 40% - 1:18
PK Defense
1 - 68% - 50% - 4:11
2 - 32% - 50% - 1:58
PK3 Forward
1 - 0% - 50%
2 - 0% - 50%
PK3 Defense
1 - 0% - 50%
2 - 0% - 50%
44 Forward
1 - 0% - 50%
2 - 0% - 50%
44 Defense
1 - 0% - 50%
2 - 0% - 50%
Last Minute Offensive  - 0:00
Last Minute Defensive  - 0:00
Total
Forward - 60:00
Defense - 60:00

Play-by-Play

1st period


0:01 of 1st period - Andrew Copp wins face-off versus Auston Matthews in neutral zone.
0:56 of 1st period - Icing by Mason Marchment.
0:57 of 1st period - Oskar Sundqvist wins face-off versus Andrew Copp in CALGARY FIREMEN zone.
0:58 of 1st period - Shot by Tyler Bertuzzi.
0:58 of 1st period - Stopped by Marc-Andre Fleury without a rebound.
0:59 of 1st period - Jack Drury wins face-off versus Parker Kelly in CALGARY FIREMEN zone.
1:10 of 1st period - Shot by Fabian Zetterlund.
1:10 of 1st period - Shot Misses the Net.
1:20 of 1st period - Shot by Calle Jarnkrok.
1:20 of 1st period - Shot Misses the Net.
1:24 of 1st period - Shot by Fabian Zetterlund.
1:24 of 1st period - Stopped by Pheonix Copley without a rebound.
1:25 of 1st period - Oskar Sundqvist wins face-off versus Brett Howden in KELOWNA ROCKETS zone.
1:25 of 1st period - Oskar Sundqvist is hit by Michael McCarron.
1:31 of 1st period - Shot by Tyler Bertuzzi.
1:31 of 1st period - Stopped by Marc-Andre Fleury without a rebound.
1:32 of 1st period - Brett Howden wins face-off versus Oskar Sundqvist in CALGARY FIREMEN zone.
1:49 of 1st period - Shot by Isac Lundestrom.
1:49 of 1st period - Shot Blocked by Oskar Sundqvist.
2:58 of 1st period - Parker Kelly is hit by Fabian Zetterlund and loses puck.
3:44 of 1st period - Shot by Yakov Trenin.
3:44 of 1st period - Shot Blocked by Vladimir Tarasenko.
3:58 of 1st period - Shot by Yakov Trenin.
3:58 of 1st period - Shot Misses the Net.
4:00 of 1st period - Shot by Rasmus Sandin.
4:00 of 1st period - Shot Misses the Net.
4:44 of 1st period - Shot by Noah Gregor.
4:44 of 1st period - Shot Blocked by Darren Raddysh.
4:46 of 1st period - Shot by Erik Brannstrom.
4:46 of 1st period - Shot Misses the Net.
6:02 of 1st period - Shot by Mark Jankowski.
6:02 of 1st period - Shot Misses the Net.
6:04 of 1st period - Shot by Parker Kelly.
6:04 of 1st period - Stopped by Marc-Andre Fleury without a rebound.
6:05 of 1st period - Jack Drury wins face-off versus Auston Matthews in CALGARY FIREMEN zone.
6:05 of 1st period - Jack Drury is hit by Auston Matthews.
6:29 of 1st period - Shot by Jack Drury.
6:29 of 1st period - Shot Misses the Net.
7:12 of 1st period - Shot by Yakov Trenin.
7:12 of 1st period - Shot Blocked by Mike Reilly.
7:49 of 1st period - Shot by Filip Forsberg.
7:49 of 1st period - Stopped by Pheonix Copley with a rebound.
7:51 of 1st period - Shot by Ryan Graves.
7:51 of 1st period - Shot Misses the Net.
7:53 of 1st period - Shot by Filip Forsberg.
7:53 of 1st period - Stopped by Pheonix Copley with a rebound.
8:04 of 1st period - Icing by Mike Reilly.
8:05 of 1st period - Oskar Sundqvist wins face-off versus Brett Howden in KELOWNA ROCKETS zone.
8:05 of 1st period - Oskar Sundqvist is hit by Michael McCarron.
8:08 of 1st period - Icing by Tyler Toffoli.
8:09 of 1st period - Brett Howden wins face-off versus Oskar Sundqvist in KELOWNA ROCKETS zone.
8:10 of 1st period - Shot by Isac Lundestrom.
8:10 of 1st period - Stopped by Pheonix Copley with a rebound.
8:42 of 1st period - Shot by Parker Kelly.
8:42 of 1st period - Deflect By Mark Jankowski.
8:42 of 1st period - Shot Misses the Net.
8:52 of 1st period - Shot by Parker Kelly.
8:52 of 1st period - Stopped by Marc-Andre Fleury without a rebound.
8:53 of 1st period - Auston Matthews wins face-off versus Andrew Copp in CALGARY FIREMEN zone.
10:14 of 1st period - Shot by Calle Jarnkrok.
10:14 of 1st period - Goal by Calle Jarnkrok - CALGARY FIREMEN : 1 - KELOWNA ROCKETS : 0.
10:15 of 1st period - Mark Jankowski wins face-off versus Michael McCarron in neutral zone.
10:30 of 1st period - Shot by Isac Lundestrom.
10:30 of 1st period - Stopped by Pheonix Copley without a rebound.
10:31 of 1st period - Oskar Sundqvist wins face-off versus Cody Glass in KELOWNA ROCKETS zone.
11:56 of 1st period - Shot by Parker Kelly.
11:56 of 1st period - Stopped by Marc-Andre Fleury without a rebound.
11:57 of 1st period - Auston Matthews wins face-off versus Andrew Copp in CALGARY FIREMEN zone.
12:07 of 1st period - Off-side.
12:08 of 1st period - Michael McCarron wins face-off versus Auston Matthews in neutral zone.
12:31 of 1st period - Shot by Vladimir Tarasenko.
12:31 of 1st period - Shot Misses the Net.
13:40 of 1st period - Shot by Mason Marchment.
13:40 of 1st period - Stopped by Pheonix Copley with a rebound.
14:02 of 1st period - Shot by Tyler Bertuzzi.
14:02 of 1st period - Shot Misses the Net.
14:08 of 1st period - Shot by Oskar Sundqvist.
14:08 of 1st period - Deflect By Tyler Bertuzzi.
14:08 of 1st period - Stopped by Marc-Andre Fleury without a rebound.
14:09 of 1st period - Vladimir Tarasenko wins face-off versus Jack Drury in CALGARY FIREMEN zone.
14:19 of 1st period - Calle Jarnkrok is hit by Vladislav Gavrikov and loses puck.
14:24 of 1st period - Shot by Fabian Zetterlund.
14:24 of 1st period - Stopped by Pheonix Copley without a rebound.
14:25 of 1st period - Noah Gregor wins face-off versus Cody Glass in KELOWNA ROCKETS zone.
14:46 of 1st period - Shot by Cody Glass.
14:46 of 1st period - Stopped by Pheonix Copley without a rebound.
14:47 of 1st period - Auston Matthews wins face-off versus Jack Drury in KELOWNA ROCKETS zone.
14:53 of 1st period - Pavel Buchnevich is hit by Martin Fehervary and loses puck.
15:00 of 1st period - Auston Matthews is hit by Fabian Zetterlund and loses puck.
15:17 of 1st period - Shot by Fabian Zetterlund.
15:17 of 1st period - Deflect By Jack Drury.
15:17 of 1st period - Shot Misses the Net.
15:24 of 1st period - Shot by Fabian Zetterlund.
15:24 of 1st period - Stopped by Pheonix Copley with a rebound.
15:26 of 1st period - Shot by Fabian Zetterlund.
15:26 of 1st period - Stopped by Pheonix Copley with a rebound.
16:27 of 1st period - Shot by Filip Forsberg.
16:27 of 1st period - Shot Misses the Net.
16:30 of 1st period - Icing by Parker Kelly.
16:31 of 1st period - Mark Jankowski wins face-off versus Brett Howden in KELOWNA ROCKETS zone.
16:51 of 1st period - Icing by Jamie Drysdale.
16:52 of 1st period - Mark Jankowski wins face-off versus Yakov Trenin in KELOWNA ROCKETS zone.
16:52 of 1st period - Mark Jankowski is hit by Yakov Trenin.
16:55 of 1st period - Parker Kelly is hit by Yakov Trenin and loses puck.
17:22 of 1st period - Shot by Cody Glass.
17:22 of 1st period - Shot Misses the Net.
17:24 of 1st period - Shot by Cody Glass.
17:24 of 1st period - Shot Blocked by Mike Reilly.
17:26 of 1st period - Shot by Yakov Trenin.
17:26 of 1st period - Goal by Yakov Trenin - CALGARY FIREMEN : 2 - KELOWNA ROCKETS : 0.
17:27 of 1st period - Auston Matthews wins face-off versus Andrew Copp in neutral zone.
17:37 of 1st period - Auston Matthews is hit by Ryan Graves and loses puck.
18:00 of 1st period - Icing by Erik Brannstrom.
18:01 of 1st period - Auston Matthews wins face-off versus Jack Drury in KELOWNA ROCKETS zone.
18:08 of 1st period - Shot by Vladimir Tarasenko.
18:08 of 1st period - Stopped by Marc-Andre Fleury with a rebound.
18:15 of 1st period - Jared Spurgeon is hit by Dakota Mermis and loses puck.
18:18 of 1st period - Shot by Fabian Zetterlund.
18:18 of 1st period - Deflect By Calle Jarnkrok.
18:18 of 1st period - Shot Misses the Net.
18:39 of 1st period - Jared Spurgeon is hit by Jonathon Merrill and loses puck.
18:41 of 1st period - Minor Penalty to Calle Jarnkrok for Hooking.
18:42 of 1st period - Michael McCarron wins face-off versus Pavel Buchnevich in CALGARY FIREMEN zone.
18:50 of 1st period - Icing by Pavel Buchnevich.
18:51 of 1st period - Jack Drury wins face-off versus Tyler Toffoli in KELOWNA ROCKETS zone.
18:58 of 1st period - Shot by Jack Drury.
18:58 of 1st period - Shot Misses the Net.
Goals for this period are 2 for CALGARY FIREMEN vs 0 for KELOWNA ROCKETS.
Shots for this period are 12 for CALGARY FIREMEN vs 7 for KELOWNA ROCKETS.

2nd period


0:01 of 2nd period - Auston Matthews wins face-off versus Jack Drury in neutral zone.
0:08 of 2nd period - Shot by Auston Matthews.
0:08 of 2nd period - Shot Blocked by Ryan Graves.
0:10 of 2nd period - Shot by Mike Reilly.
0:10 of 2nd period - Stopped by Marc-Andre Fleury without a rebound.
0:11 of 2nd period - Auston Matthews wins face-off versus Jack Drury in CALGARY FIREMEN zone.
0:12 of 2nd period - Shot by Tyler Bertuzzi.
0:12 of 2nd period - Stopped by Marc-Andre Fleury without a rebound.
0:13 of 2nd period - Auston Matthews wins face-off versus Jack Drury in CALGARY FIREMEN zone.
1:57 of 2nd period - Shot by Tyler Bertuzzi.
1:57 of 2nd period - Stopped by Marc-Andre Fleury with a rebound.
1:59 of 2nd period - Shot by Vladislav Gavrikov.
1:59 of 2nd period - Shot Blocked by Jared Spurgeon.
2:03 of 2nd period - Shot by Tyler Toffoli.
2:03 of 2nd period - Shot Misses the Net.
2:56 of 2nd period - Shot by Jack Drury.
2:56 of 2nd period - Shot Misses the Net.
3:01 of 2nd period - Fabian Zetterlund is hit by Jonathon Merrill and loses puck.
3:08 of 2nd period - Calle Jarnkrok is hit by Auston Matthews and loses puck.
3:27 of 2nd period - Jonathon Merrill is hit by Jack Drury and loses puck.
4:08 of 2nd period - Shot by Andrew Copp.
4:08 of 2nd period - Stopped by Pheonix Copley without a rebound.
4:09 of 2nd period - Cody Glass wins face-off versus Mark Jankowski in KELOWNA ROCKETS zone.
4:18 of 2nd period - Shot by Logan Stankoven.
4:18 of 2nd period - Shot Blocked by Jamie Drysdale.
4:20 of 2nd period - Shot by Martin Fehervary.
4:20 of 2nd period - Stopped by Pheonix Copley without a rebound.
4:21 of 2nd period - Oskar Sundqvist wins face-off versus Logan Stankoven in KELOWNA ROCKETS zone.
4:50 of 2nd period - Shot by Cody Glass.
4:50 of 2nd period - Stopped by Pheonix Copley without a rebound.
4:50 of 2nd period - Minor Penalty to Pheonix Copley for Slashing.
4:51 of 2nd period - Andrew Copp wins face-off versus Oskar Sundqvist in KELOWNA ROCKETS zone.
5:02 of 2nd period - Shot by Andrew Copp.
5:02 of 2nd period - Goal by Andrew Copp - CALGARY FIREMEN : 3 - KELOWNA ROCKETS : 0.
5:03 of 2nd period - Brett Howden wins face-off versus Pavel Buchnevich in neutral zone.
5:41 of 2nd period - Icing by Auston Matthews.
5:42 of 2nd period - Auston Matthews wins face-off versus Andrew Copp in KELOWNA ROCKETS zone.
5:47 of 2nd period - Filip Forsberg is hit by Pavel Buchnevich and loses puck.
6:09 of 2nd period - Shot by Filip Forsberg.
6:09 of 2nd period - Shot Blocked by Auston Matthews.
6:11 of 2nd period - Shot by Rasmus Sandin.
6:11 of 2nd period - Shot Misses the Net.
6:13 of 2nd period - Shot by Filip Forsberg.
6:13 of 2nd period - Stopped by Pheonix Copley with a rebound.
6:49 of 2nd period - Shot by Calle Jarnkrok.
6:49 of 2nd period - Stopped by Pheonix Copley without a rebound.
6:50 of 2nd period - Brett Howden wins face-off versus Mark Jankowski in KELOWNA ROCKETS zone.
6:52 of 2nd period - Isac Lundestrom is hit by Jamie Drysdale and loses puck.
7:04 of 2nd period - Minor Penalty to Vladislav Gavrikov for Roughing.
7:05 of 2nd period - Jack Drury wins face-off versus Oskar Sundqvist in KELOWNA ROCKETS zone.
7:19 of 2nd period - Icing by Mason Marchment.
7:20 of 2nd period - Oskar Sundqvist wins face-off versus Jack Drury in CALGARY FIREMEN zone.
7:49 of 2nd period - Shot by Calle Jarnkrok.
7:49 of 2nd period - Shot Blocked by Dakota Mermis.
8:35 of 2nd period - Shot by Fabian Zetterlund.
8:35 of 2nd period - Shot Misses the Net.
8:37 of 2nd period - Shot by Martin Fehervary.
8:37 of 2nd period - Stopped by Pheonix Copley without a rebound.
8:38 of 2nd period - Vladimir Tarasenko wins face-off versus Mason Marchment in KELOWNA ROCKETS zone.
8:51 of 2nd period - Erik Brannstrom is hit by Calle Jarnkrok and loses puck.
9:36 of 2nd period - Shot by Mitchell Chaffee.
9:36 of 2nd period - Stopped by Marc-Andre Fleury without a rebound.
9:37 of 2nd period - Cody Glass wins face-off versus Mark Jankowski in CALGARY FIREMEN zone.
9:48 of 2nd period - Shot by Cody Glass.
9:48 of 2nd period - Stopped by Pheonix Copley with a rebound.
9:56 of 2nd period - Shot by Cody Glass.
9:56 of 2nd period - Shot Misses the Net.
9:58 of 2nd period - Shot by Jared Spurgeon.
9:58 of 2nd period - Stopped by Pheonix Copley with a rebound.
10:00 of 2nd period - Shot by Martin Fehervary.
10:00 of 2nd period - Shot Misses the Net.
11:24 of 2nd period - Shot by Filip Forsberg.
11:24 of 2nd period - Shot Blocked by Parker Kelly.
11:30 of 2nd period - Shot by Filip Forsberg.
11:30 of 2nd period - Goal by Filip Forsberg - CALGARY FIREMEN : 4 - KELOWNA ROCKETS : 0.
11:31 of 2nd period - Oskar Sundqvist wins face-off versus Isac Lundestrom in neutral zone.
11:47 of 2nd period - Minor Penalty to Martin Fehervary for Hooking.
11:48 of 2nd period - Jack Drury wins face-off versus Auston Matthews in CALGARY FIREMEN zone.
12:24 of 2nd period - Shot by Tyler Bertuzzi.
12:24 of 2nd period - Stopped by Marc-Andre Fleury without a rebound.
12:25 of 2nd period - Jack Drury wins face-off versus Tyler Toffoli in CALGARY FIREMEN zone.
12:52 of 2nd period - Shot by Tyler Toffoli.
12:52 of 2nd period - Stopped by Marc-Andre Fleury without a rebound.
12:53 of 2nd period - Tyler Bertuzzi wins face-off versus Michael McCarron in CALGARY FIREMEN zone.
13:06 of 2nd period - Shot by Michael McCarron.
13:06 of 2nd period - Shot Misses the Net.
14:05 of 2nd period - Icing by Noah Gregor.
14:06 of 2nd period - Cody Glass wins face-off versus Noah Gregor in KELOWNA ROCKETS zone.
14:10 of 2nd period - Icing by Jamie Drysdale.
14:11 of 2nd period - Noah Gregor wins face-off versus Andrew Copp in KELOWNA ROCKETS zone.
14:11 of 2nd period - Noah Gregor is hit by Filip Forsberg.
14:43 of 2nd period - Martin Fehervary is hit by Noah Gregor and loses puck.
15:35 of 2nd period - Shot by Isac Lundestrom.
15:35 of 2nd period - Stopped by Pheonix Copley without a rebound.
15:36 of 2nd period - Auston Matthews wins face-off versus Jack Drury in KELOWNA ROCKETS zone.
15:41 of 2nd period - Shot by Vladimir Tarasenko.
15:41 of 2nd period - Shot Misses the Net.
15:43 of 2nd period - Shot by Auston Matthews.
15:43 of 2nd period - Goal by Auston Matthews - CALGARY FIREMEN : 4 - KELOWNA ROCKETS : 1.
15:44 of 2nd period - Auston Matthews wins face-off versus Jack Drury in neutral zone.
15:47 of 2nd period - Shot by Pavel Buchnevich.
15:47 of 2nd period - Shot Misses the Net.
15:49 of 2nd period - Shot by Auston Matthews.
15:49 of 2nd period - Shot Misses the Net.
15:51 of 2nd period - Shot by Auston Matthews.
15:51 of 2nd period - Stopped by Marc-Andre Fleury without a rebound.
15:52 of 2nd period - Andrew Copp wins face-off versus Auston Matthews in CALGARY FIREMEN zone.
16:03 of 2nd period - Shot by Auston Matthews.
16:03 of 2nd period - Stopped by Marc-Andre Fleury without a rebound.
16:04 of 2nd period - Oskar Sundqvist wins face-off versus Jack Drury in CALGARY FIREMEN zone.
16:33 of 2nd period - Shot by Fabian Zetterlund.
16:33 of 2nd period - Stopped by Pheonix Copley without a rebound.
16:34 of 2nd period - Andrew Copp wins face-off versus Pavel Buchnevich in KELOWNA ROCKETS zone.
17:06 of 2nd period - Shot by Auston Matthews.
17:06 of 2nd period - Shot Blocked by Mason Marchment.
17:25 of 2nd period - Filip Forsberg is hit by Parker Kelly.
17:42 of 2nd period - Calle Jarnkrok is hit by Vladislav Gavrikov and loses puck.
17:44 of 2nd period - Minor Penalty to Jamie Drysdale for Delaying the game.
17:45 of 2nd period - Oskar Sundqvist wins face-off versus Jack Drury in KELOWNA ROCKETS zone.
19:00 of 2nd period - Icing by Filip Forsberg.
19:01 of 2nd period - Oskar Sundqvist wins face-off versus Andrew Copp in CALGARY FIREMEN zone.
19:01 of 2nd period - Pavel Buchnevich is hit by Martin Fehervary and loses puck.
Goals for this period are 2 for CALGARY FIREMEN vs 1 for KELOWNA ROCKETS.
Shots for this period are 12 for CALGARY FIREMEN vs 9 for KELOWNA ROCKETS.

3rd period


0:01 of 3rd period - Jack Drury wins face-off versus Oskar Sundqvist in neutral zone.
0:19 of 3rd period - Calle Jarnkrok is hit by Dakota Mermis and loses puck.
1:04 of 3rd period - Minor Penalty to Martin Fehervary for Hooking.
1:05 of 3rd period - Michael McCarron wins face-off versus Auston Matthews in CALGARY FIREMEN zone.
1:32 of 3rd period - Icing by Jamie Drysdale.
1:33 of 3rd period - Auston Matthews wins face-off versus Jack Drury in KELOWNA ROCKETS zone.
1:52 of 3rd period - Darren Raddysh is hit by Tyler Bertuzzi and loses puck.
2:10 of 3rd period - Isac Lundestrom is hit by Vladislav Gavrikov and loses puck.
3:13 of 3rd period - Shot by Noah Gregor.
3:13 of 3rd period - Shot Blocked by Jared Spurgeon.
4:33 of 3rd period - Shot by Auston Matthews.
4:33 of 3rd period - Stopped by Marc-Andre Fleury without a rebound.
4:34 of 3rd period - Oskar Sundqvist wins face-off versus Brett Howden in CALGARY FIREMEN zone.
4:40 of 3rd period - Tyler Bertuzzi is hit by Darren Raddysh and loses puck.
4:48 of 3rd period - Tyler Toffoli is hit by Michael McCarron and loses puck.
5:03 of 3rd period - Shot by Tyler Toffoli.
5:03 of 3rd period - Shot Blocked by Darren Raddysh.
5:53 of 3rd period - Shot by Calle Jarnkrok.
5:53 of 3rd period - Shot Misses the Net.
5:55 of 3rd period - Shot by Gustav Lindstrom.
5:55 of 3rd period - Stopped by Pheonix Copley without a rebound.
5:56 of 3rd period - Auston Matthews wins face-off versus Cody Glass in KELOWNA ROCKETS zone.
6:13 of 3rd period - Shot by Pavel Buchnevich.
6:13 of 3rd period - Stopped by Marc-Andre Fleury with a rebound.
7:19 of 3rd period - Shot by Gustav Lindstrom.
7:19 of 3rd period - Stopped by Pheonix Copley without a rebound.
7:20 of 3rd period - Jack Drury wins face-off versus Victor Olofsson in KELOWNA ROCKETS zone.
7:54 of 3rd period - Shot by Calle Jarnkrok.
7:54 of 3rd period - Shot Blocked by Vladislav Gavrikov.
8:08 of 3rd period - Icing by Mitchell Chaffee.
8:09 of 3rd period - Andrew Copp wins face-off versus Noah Gregor in KELOWNA ROCKETS zone.
8:37 of 3rd period - Andrew Copp is hit by Vladislav Gavrikov and loses puck.
8:46 of 3rd period - Shot by Filip Forsberg.
8:46 of 3rd period - Shot Blocked by Vladislav Gavrikov.
9:47 of 3rd period - Shot by Tyler Bertuzzi.
9:47 of 3rd period - Shot Hit the Post.
10:22 of 3rd period - Auston Matthews is hit by Gustav Lindstrom and loses puck.
10:35 of 3rd period - Shot by Auston Matthews.
10:35 of 3rd period - Stopped by Marc-Andre Fleury without a rebound.
10:36 of 3rd period - Andrew Copp wins face-off versus Parker Kelly in CALGARY FIREMEN zone.
12:11 of 3rd period - Shot by Tyler Toffoli.
12:11 of 3rd period - Shot Misses the Net.
12:17 of 3rd period - Shot by Oskar Sundqvist.
12:17 of 3rd period - Shot Misses the Net.
13:00 of 3rd period - Pavel Buchnevich is hit by Filip Forsberg.
13:26 of 3rd period - Shot by Calle Jarnkrok.
13:26 of 3rd period - Stopped by Pheonix Copley without a rebound.
13:27 of 3rd period - Noah Gregor wins face-off versus Brett Howden in KELOWNA ROCKETS zone.
13:52 of 3rd period - Shot by Brett Howden.
13:52 of 3rd period - Stopped by Pheonix Copley without a rebound.
13:53 of 3rd period - Auston Matthews wins face-off versus Jack Drury in KELOWNA ROCKETS zone.
14:00 of 3rd period - Rasmus Sandin is hit by Auston Matthews and loses puck.
14:07 of 3rd period - Shot by Pavel Buchnevich.
14:07 of 3rd period - Deflect By Auston Matthews.
14:07 of 3rd period - Shot Misses the Net.
14:09 of 3rd period - Shot by Vladislav Gavrikov.
14:09 of 3rd period - Shot Misses the Net.
14:13 of 3rd period - Shot by Auston Matthews.
14:13 of 3rd period - Shot Blocked by Gustav Lindstrom.
14:15 of 3rd period - Shot by Vladimir Tarasenko.
14:15 of 3rd period - Shot Misses the Net.
14:17 of 3rd period - Shot by Jamie Drysdale.
14:17 of 3rd period - Stopped by Marc-Andre Fleury without a rebound.
14:18 of 3rd period - Michael McCarron wins face-off versus Oskar Sundqvist in CALGARY FIREMEN zone.
14:33 of 3rd period - Shot by Oskar Sundqvist.
14:33 of 3rd period - Shot Blocked by Martin Fehervary.
14:46 of 3rd period - Minor Penalty to Jonathon Merrill for Interference.
14:47 of 3rd period - Oskar Sundqvist wins face-off versus Jack Drury in KELOWNA ROCKETS zone.
14:58 of 3rd period - Off-side.
14:59 of 3rd period - Jack Drury wins face-off versus Oskar Sundqvist in neutral zone.
15:26 of 3rd period - Shot by Calle Jarnkrok.
15:26 of 3rd period - Shot Misses the Net.
15:48 of 3rd period - Shot by Fabian Zetterlund.
15:48 of 3rd period - Deflect By Filip Forsberg.
15:48 of 3rd period - Shot Misses the Net.
16:29 of 3rd period - Icing by Martin Fehervary.
16:30 of 3rd period - Vladimir Tarasenko wins face-off versus Jack Drury in CALGARY FIREMEN zone.
16:49 of 3rd period - Shot by Darren Raddysh.
16:49 of 3rd period - Shot Misses the Net.
16:51 of 3rd period - Shot by Ryan Graves.
16:51 of 3rd period - Stopped by Pheonix Copley without a rebound.
16:52 of 3rd period - Noah Gregor wins face-off versus Isac Lundestrom in KELOWNA ROCKETS zone.
17:25 of 3rd period - Shot by Michael McCarron.
17:25 of 3rd period - Stopped by Pheonix Copley without a rebound.
17:26 of 3rd period - Auston Matthews wins face-off versus Cody Glass in KELOWNA ROCKETS zone.
18:03 of 3rd period - Shot by Auston Matthews.
18:03 of 3rd period - Shot Misses the Net.
18:05 of 3rd period - Shot by Auston Matthews.
18:05 of 3rd period - Shot Blocked by Rasmus Sandin.
18:07 of 3rd period - Shot by Vladimir Tarasenko.
18:07 of 3rd period - Deflect By Auston Matthews.
18:07 of 3rd period - Stopped by Marc-Andre Fleury without a rebound.
18:08 of 3rd period - Tyler Bertuzzi wins face-off versus Fabian Zetterlund in CALGARY FIREMEN zone.
18:11 of 3rd period - Shot by Oskar Sundqvist.
18:11 of 3rd period - Stopped by Marc-Andre Fleury without a rebound.
18:12 of 3rd period - Jack Drury wins face-off versus Tyler Bertuzzi in CALGARY FIREMEN zone.
18:30 of 3rd period - Shot by Jack Drury.
18:30 of 3rd period - Shot Misses the Net.
18:32 of 3rd period - Shot by Calle Jarnkrok.
18:32 of 3rd period - Shot Blocked by Erik Brannstrom.
18:34 of 3rd period - Shot by Jack Drury.
18:34 of 3rd period - Shot Misses the Net.
18:36 of 3rd period - Shot by Jared Spurgeon.
18:36 of 3rd period - Shot Misses the Net.
18:38 of 3rd period - Shot by Fabian Zetterlund.
18:38 of 3rd period - Stopped by Pheonix Copley without a rebound.
18:39 of 3rd period - Auston Matthews wins face-off versus Andrew Copp in KELOWNA ROCKETS zone.
18:52 of 3rd period - Shot by Andrew Copp.
18:52 of 3rd period - Stopped by Pheonix Copley with a rebound.
18:55 of 3rd period - Icing by Jonathon Merrill.
18:56 of 3rd period - Auston Matthews wins face-off versus Brett Howden in KELOWNA ROCKETS zone.
19:29 of 3rd period - Shot by Pavel Buchnevich.
19:29 of 3rd period - Shot Blocked by Rasmus Sandin.
Goals for this period are 0 for CALGARY FIREMEN vs 0 for KELOWNA ROCKETS.
Shots for this period are 8 for CALGARY FIREMEN vs 6 for KELOWNA ROCKETS.


MATTHEW
TKACHUK
TOM
WILSON
JAKE
GUENTZEL